 Dungeon Crawl Stone Soup version 0.31-a0-875-g02e7d12df6 (webtiles) character file.

Game seed: 16448174830849891737

74 sjdaat the Magician (level 4, -6/31 HPs)
             Began as a Djinni Ice Elementalist on Oct 13, 2023.
             Mangled by Crazy Yiuf
             ... wielding a +4 quarterstaff of chaos
              (14 damage)
             ... on level 2 of the Dungeon.
             The game lasted 00:11:08 (1842 turns).

sjdaat the Magician (Djinni Ice Elementalist)       Turns: 1842, Time: 00:11:09

Health: -6/31      AC:  0    Str:  7    XL:     4   Next: 52%
Gold:   128        EV: 20    Int: 18    God:
                   SH:  5    Dex: 19

rFire   . . .        p - melded +1 whip of Corpus Delicti {pain, rC+}
rCold   . . .        (shield currently unavailable)
rNeg    . . .        n - melded +0 ring mail
rPois   ∞            g - melded +0 helmet
rElec   .            (cloak currently unavailable)
rCorr   .            (gloves currently unavailable)
SInv    .            (boots unavailable)
Will    .....        d - amulet of reflection
Stlth   ++           f - melded ring of protection from fire
HPRegen 0.25/turn    (ring currently unavailable)
MPRegen 0.00/turn

%: reflection, infuse magic (-7 HP)
@: bat-form, flying, very quick
A: fast, flying, no casting, sickness immunity, tiny, (fire resistance 2), (cold
vulnerability 1), float, innate caster, HP casting, extra vitality 1
a: no special abilities


You were on level 2 of the Dungeon.
You were a bat.
You visited 1 branch of the dungeon, and saw 2 of its levels.

You collected 128 gold pieces.

Inventory:

Hand Weapons
 p - the +1 whip of Corpus Delicti (melded) {pain, rC+}
   (You found it on level 2 of the Dungeon)

   rC+:       It protects you from cold.
 r - a +2 short sword of venom
Armour
 a - a +0 robe
 c - a +0 leather armour
 g - a +0 helmet (melded)
 n - a +0 ring mail (melded)
Jewellery
 d - an amulet of reflection (around neck)
 f - a ring of protection from fire (melded)
Scrolls
 e - a scroll of amnesia {unknown}
 h - 2 scrolls of identify {unknown}
 j - 2 scrolls of enchant armour {unknown}
 l - a scroll of teleportation {unknown}
 m - a scroll of poison {unknown}
 q - a scroll of blinking {unknown}
Potions
 b - 4 potions of curing {unknown}
 i - a potion of haste {unknown}
 k - a potion of heal wounds {unknown}
 o - 2 potions of brilliance {unknown}


   Skills:
 + Level 0.4 Fighting
 + Level 1.2 Armour
 + Level 3.0 Dodging
 + Level 2.3 Stealth
 + Level 0.7 Shields
 + Level 0.5 Unarmed Combat
 + Level 3.5 Spellcasting
 + Level 3.5 Conjurations
 + Level 3.5 Hexes
 + Level 3.5 Summonings
 + Level 3.5 Necromancy
 + Level 3.5 Translocations
 + Level 3.5 Transmutations
 + Level 3.5 Fire Magic
 + Level 3.5 Ice Magic
 + Level 3.5 Air Magic
 + Level 3.5 Earth Magic
 + Level 3.5 Poison Magic


You knew the following spells:

 Your Spells              Type           Power      Damage    Failure   Level
a - Freeze                Ice            64%        1d7       3%          1
b - Frozen Ramparts       Ice            32%        1d5       11%         3
c - Ozocubu's Armour      Ice            16%        N/A       11%         3
d - Summon Ice Beast      Ice/Summ       16%        N/A       34%         4
e - Kiss of Death         Conj/Necr      64%        2d10      3%          1
Your spell library was empty.

Dungeon Overview and Level Annotations

Branches:
Dungeon (2/15)

Altars:

Annotations:
D:2 Crazy Yiuf


Innate Abilities, Weirdness & Mutations

You are a bat.
You are tiny and dextrous.
You move quickly.
You are flying.
Your equipment is almost entirely melded.
You are incapable of wielding weapons or throwing items.
You cannot cast spells.
You are immune to sickness and miasma.
You are immune to poison.
((Your flesh is very heat resistant. (rF++)))
((You are vulnerable to cold. (rC-)))
You float through the air rather than walking.
You learn spells naturally, not from books.
Your magical power is your life essence.
You have superior vitality. (+4 MHP)


Message History

Found a scroll labelled FUWNODYRAAH.
Found a stone staircase leading up.
j - 2 scrolls labelled FUWNODYRAAH (gained 1)
You can't see any susceptible monsters within range! (Use Z to cast anyway.)
Found a hammer.
Found a runed translucent door.
Crazy Yiuf yells, "Walk!"
A rat comes into view.
Aiming: Freeze (safe; 12% risk of failure)
Press: ? - help, Q - select action, (/) - cycle Shift-Dir - straight line, f - rat
Aim: a rat You miscast Freeze.
You are very lightly contaminated with residual magic.
Nothing appears to happen.
The rat closely misses you.
Aiming: Freeze (safe; 12% risk of failure)
Press: ? - help, Q - select action, (/) - cycle Shift-Dir - straight line, f/p - rat
Aim: a rat You freeze the rat.
You kill the rat!
Your magical contamination has completely faded away.
Crazy Yiuf shouts!
You reach down and open the door.
Crazy Yiuf glowers.
Aiming: Freeze (safe; 12% risk of failure)
Press: ? - help, Q - select action, (/) - cycle Shift-Dir - straight line, f - Crazy Yiuf
Aim: Crazy Yiuf, wielding a +4 quarterstaff of chaos and wearing a +0 cloak You freeze Crazy Yiuf!
Crazy Yiuf is moderately wounded.
Crazy Yiuf hits you with a +4 quarterstaff of chaos.
You turn into a bat.
The +1 whip of Corpus Delicti {pain, rC+} melds into your body.
Your +0 helmet melds into your body.
Your +0 ring mail melds into your body.
Your ring of protection from fire melds into your body.
You can't do that in your present form.
Crazy Yiuf attacks as he pursues you!
Crazy Yiuf hits you with a +4 quarterstaff of chaos!
Ouch! That really hurt!
* * * LOW HITPOINT WARNING * * *
You are electrocuted!
You die...

.# #.# .# #.# .#
### .# .# ###
####♣♣ ### ..#
###...P♣♣ ♣♣#..)#
#.#
#......P♣♣♣♣g'...#
#.#
#.#......♣.b♣#...#
#.# #.##..P.♣.♣♣♣
###
#.####.####♣♣♣♣♣
#........#
##########


You could see Crazy Yiuf.

Vanquished Creatures
  An adder (D:2)
  2 worms (D:2)
  4 dart slugs
  4 endoplasms
  2 giant cockroaches
  2 goblins
  3 hobgoblins
  2 quokkas (D:1)
  13 ball pythons
  6 bats
  2 frilled lizards (D:1)
  6 kobolds
  5 rats
52 creatures vanquished.

Notes
Turn   | Place    | Note
-------+----------+-------------------------------------------
     0 | D:1      | sjdaat the Djinni Ice Elementalist began the quest for the
                  | Orb.
     0 | D:1      | sjdaat set off with the following spells memorised: Freeze,
                  | Frozen Ramparts, Ozocubu's Armour, Summon Ice Beast.
     0 | D:1      | Reached XP level 1. HP: 15/15 MP: 0/0
   174 | D:1      | Reached XP level 2. HP: 19/21 MP: 0/0
   427 | D:1      | Reached XP level 3. HP: 19/25 MP: 0/0
   427 | D:1      | Learned a level 1 spell: Kiss of Death
  1025 | D:2      | Reached skill level 1 in Armour
  1025 | D:2      | Reached XP level 4. HP: 25/31 MP: 0/0
  1190 | D:2      | Identified the +1 whip of Corpus Delicti {pain, rC+}
  1565 | D:2      | Found a runed translucent door.
  1566 | D:2      | Noticed Crazy Yiuf
  1842 | D:2      | Mangled by Crazy Yiuf

Illustrated notes

Levels and vault maps discovered:
D:1:      minmay_arrival_arboretum_small, layout_loops_cross,
          dreamdust_princess_corridor, minmay_close_crescents
D:2:      layout_loops_ring, uniq_crazy_yiuf_cottage

Skill      XL: |  1  2  3  4 |
---------------+-------------+-----
Stealth        | 2 |  2.3
Armour         | 1 |  1.2
Dodging        | 3 |  3.0
Fighting       | |  0.4
Shields        | |  0.7
Unarmed Combat | |  0.5
Spellcasting   | |  3.5
Conjurations   | |  3.5
Hexes          | |  3.5
Summonings     | |  3.5
Necromancy     | |  3.5
Translocations | |  3.5
Transmutations | |  3.5
Fire Magic     | |  3.5
Ice Magic      | |  3.5
Air Magic      | |  3.5
Earth Magic    | |  3.5
Poison Magic   | |  3.5

Action                     |  1- 3 |  4- 6 || total
---------------------------+-------+-------++-------
  Melee: Unarmed           |    15 |       ||    15
   Cast: Freeze            |    58 |    29 ||    87
   Stab: Sleeping          |     2 |       ||     2
 Armour: Leather armour    |    21 |     3 ||    24
         Robe              |     1 |       ||     1
         Ring mail         |       |     1 ||     1
         Skin              |       |     1 ||     1
  Dodge: Dodged            |    37 |    15 ||    52
  Block: Other             |    15 |     5 ||    20
         Reflection        |     2 |     1 ||     3

Table legend: (Time is in decaauts)
 A = Elapsed time spent in this place.
 B = Non-inter-level travel time spent in this place.
 C = Inter-level travel time spent in this place.
 D = Time resting spent in this place.
 E = Time spent auto-exploring this place.
 F = Levels seen in this place.
 G = Mean time per level.
                   A        B        C        D        E       F      G
               +--------+--------+--------+--------+--------+-----+--------+
         Total |   1840 |   1833 |      7 |      0 |    678 |   2 |  920.0 |
       Dungeon |   1840 |   1833 |      7 |      0 |    678 |   2 |  920.0 |
               +--------+--------+--------+--------+--------+-----+--------+

Top non-repeatable levels by time:
     D:1: 948 daAuts
     D:2: 892 daAuts
